 Dungeon Crawl Stone Soup version 0.30.1-11-g7821555f0a (webtiles) character file.

Game seed: 6795015230528195000

159 KittyFluff the Cudgeller (level 5, -2/33 HPs)
             Began as a Gargoyle Berserker on Oct 29, 2023.
             Was a Believer of Trog.
             Slain by an orc
             ... wielding a +0 whip
              (3 damage)
             ... on level 3 of the Dungeon.
             The game lasted 00:06:30 (1657 turns).

KittyFluff the Cudgeller (Gargoyle Berserker)       Turns: 1657, Time: 00:06:30

Health: -2/33      AC:  6    Str: 23    XL:     5   Next: 40%
Magic:  5/5        EV: 10    Int:  7    God:    Trog [**....]
Gold:   128        SH:  6    Dex:  9    Spells: 4/4 levels left

rFire   . . .        a - +0 mace
rCold   . . .        q - +0 kite shield
rNeg    + . .        b - +0 animal skin
rPois   ∞            (no helmet)
rElec   +            j - scarf {shadows}
rCorr   .            (no gloves)
SInv    .            (no boots)
Will    .....        (no amulet)
Stlth   +            (no ring)
HPRegen 0.25/turn    (no ring)
MPRegen 0.09/turn

%: no passive effects
@: no status effects
A: sickness immunity, AC +4, negative energy resistance 1, electricity
resistance, torment resistance 1, petrification resistance
a: Renounce Religion, Berserk, Trog's Hand


You were on level 3 of the Dungeon.
You worshipped Trog.
Trog was pleased with you.
You visited 1 branch of the dungeon, and saw 3 of its levels.

You collected 128 gold pieces.

Inventory:

Hand Weapons
 a - a +0 mace (weapon)
 e - a +0 sling
Missiles
 p - a throwing net (quivered)
Armour
 b - a +0 animal skin (worn)
 j - a scarf of shadows (worn)
 q - a +0 kite shield (worn)
Scrolls
 c - 3 scrolls of teleportation {unknown}
 g - 2 scrolls of poison {unknown}
 k - a scroll of enchant armour {unknown}
 l - a scroll of vulnerability {unknown}
 o - a scroll of enchant weapon {unknown}
Potions
 d - 2 potions of brilliance {unknown}
 f - a potion of invisibility {unknown}
 h - 2 potions of heal wounds {unknown}
 i - a potion of berserk rage {unknown}
 m - a potion of resistance {unknown}
 n - 2 potions of curing {unknown}
 r - a potion of might {unknown}


   Skills:
 + Level 3.9 Fighting
 * Level 4.1 Maces & Flails
 * Level 3.8 Armour
 + Level 2.4 Dodging


You had 4 spell levels left.
You didn't know any spells.
Your spell library was empty.

Dungeon Overview and Level Annotations

Branches:
Dungeon (3/15)

Altars:
Ashenzari
Qazlal
Uskayaw


Innate Abilities, Weirdness & Mutations

You are immune to sickness and miasma.
Your stone body is resilient. (AC +4)
You are immune to poison.
You resist negative energy. (rN+)
You are resistant to electric shocks. (rElec)
You are resistant to unholy torment.
You are immune to petrification.


Message History

You barely miss the kobold. You block the bat's attack.
The kobold hits you with a +0 club.
You hit the kobold.
You kill the kobold!
Trog accepts your kill. The bat hits you but does no damage.
You miss the bat. You block the bat's attack.
You closely miss the bat. The bat hits you but does no damage.
You hit the bat.
You kill the bat!
Trog accepts your kill.
You see here a +0 club.
An orc comes into view. It is wielding a +0 flail.
Found a broken altar of Ashenzari.
Found a stone staircase leading down.
The orc shouts!
An orc comes into view. It is wielding a +0 whip.
An orc priest comes into view. It is wielding a +0 whip.
The orc priest shouts!
The orc priest invokes the aid of Beogh against something.
Beogh smites you!
The orc shouts!
You block the orc's attack.
You sock the orc!
You kill the orc!
Trog accepts your kill.
A rat comes into view.
The orc hits you with a +0 whip.
You see here a +0 flail.
You hit the orc.
The orc is moderately wounded.
The orc hits you with a +0 whip.
You closely miss the orc.
The orc is moderately wounded.
The orc priest invokes the aid of Beogh against you.
Beogh smites you!
* * * LOW HITPOINT WARNING * * *
The orc hits you with a +0 whip.
* * * LOW HITPOINT WARNING * * *
The orc hits you with a +0 whip.
You die...

#..... ...... ....... #.
.#...........##.# .. ......
....#.................. .###.# !
...._..#........##.#... .###.##..
#>..#..#........##.#... .#......
##...#ro#........##.....
.....##.. ...###o#........##.....
#....##..###.###@#...............
##...##......###.#........#......
#....#.##................#......
#.#..#.##..###############......
#.#........# #P.PP..~.P...
#.......)#.#########~~~♣P~P~.P..
#.........#........#.P~~~≈♣≈♣~~~
##.....#...........##.PP~P~♣♣≈~P
# #....#####........# #.##~P~~≈≈♣


You could see an orc priest, an orc and a rat.

Vanquished Creatures
  A scorpion (D:3)
  A gnoll (D:2)
  3 adders (D:2)
  2 worms (D:2)
  2 dart slugs (D:2)
  2 orcs (D:3)
  4 ball pythons
  4 endoplasms
  2 giant cockroaches (D:2)
  5 goblins
  A hobgoblin (D:1)
  7 jackals
  3 quokkas
  5 bats
  3 frilled lizards
  3 kobolds
  9 rats
57 creatures vanquished.

Notes
Turn   | Place    | Note
-------+----------+-------------------------------------------
     0 | D:1      | KittyFluff the Gargoyle Berserker began the quest for the
                  | Orb.
     0 | D:1      | Reached XP level 1. HP: 14/14 MP: 1/1
   131 | D:1      | Reached XP level 2. HP: 14/19 MP: 2/2
   469 | D:2      | Reached XP level 3. HP: 23/23 MP: 3/3
   482 | D:2      | Reached ** piety under Trog
   901 | D:2      | Reached XP level 4. HP: 18/28 MP: 4/4
   990 | D:2      | Found a stormy altar of Qazlal.
  1338 | D:3      | Found a hide-covered altar of Uskayaw.
  1441 | D:3      | Noticed a scorpion
  1460 | D:3      | Killed a scorpion
  1461 | D:3      | Reached skill level 4 in Maces & Flails
  1461 | D:3      | Reached XP level 5. HP: 11/33 MP: 5/5
  1649 | D:3      | Found a broken altar of Ashenzari.
  1657 | D:3      | HP: 1/33 [orc/+0 whip (1)]
  1657 | D:3      | Slain by an orc

Illustrated notes

Levels and vault maps discovered:
D:1:      minmay_arrival_up_and_down, layout_rooms, chequers_serial_rivers_marsh
D:2:      layout_loops_cross, basic_altar, cheibrodos_gnoll_hut
D:3:      layout_rooms, cheibrodos_ashenzari_chains, lemuel_round_altar,
          serial_bayou, serial_bayou_ford_a, serial_bayou_pond_d,
          serial_bayou_crossing, serial_bayou_lagoon_a

Skill      XL: |  1  2  3  4 |
---------------+-------------+-----
Dodging        | 2 |  2.4
Armour         | 3 |  3.8
Maces & Flails | 4 |  4.1
Fighting       | |  3.9

Action                     |  1- 3 |  4- 6 || total
---------------------------+-------+-------++-------
  Melee: Mace              |   108 |    87 ||   195
         Punch             |     3 |       ||     3
 Invoke: Berserk           |       |     1 ||     1
   Stab: Sleeping          |     1 |       ||     1
 Armour: Animal skin       |    27 |    28 ||    55
  Dodge: Dodged            |    73 |    60 ||   133
  Block: Kite shield       |       |     7 ||     7
